Workbook

Sheet Debts
A1: Debt | B1: Balance | C1: APR | D1: Minimum payment | E1: Interest this month | F1: Snowball order | G1: Avalanche order
A2: Store card | B2: 1900 | C2: 0.2499 | D2: 60 | E2: =ROUND(B2*C2/12,2) -> 39.57 | F2: =COUNTIF($B$2:$B$6,"<"&B2)+COUNTIF($B$2:B2,B2) -> 2 | G2: =COUNTIF($C$2:$C$6,">"&C2)+COUNTIF($C$2:C2,C2) -> 1
A3: Visa card | B3: 4200 | C3: 0.229 | D3: 105 | E3: =ROUND(B3*C3/12,2) -> 80.15 | F3: =COUNTIF($B$2:$B$6,"<"&B3)+COUNTIF($B$2:B3,B3) -> 3 | G3: =COUNTIF($C$2:$C$6,">"&C3)+COUNTIF($C$2:C3,C3) -> 2
A4: Car loan | B4: 9800 | C4: 0.069 | D4: 285 | E4: =ROUND(B4*C4/12,2) -> 56.35 | F4: =COUNTIF($B$2:$B$6,"<"&B4)+COUNTIF($B$2:B4,B4) -> 4 | G4: =COUNTIF($C$2:$C$6,">"&C4)+COUNTIF($C$2:C4,C4) -> 3
A5: Student loan | B5: 14500 | C5: 0.055 | D5: 160 | E5: =ROUND(B5*C5/12,2) -> 66.46 | F5: =COUNTIF($B$2:$B$6,"<"&B5)+COUNTIF($B$2:B5,B5) -> 5 | G5: =COUNTIF($C$2:$C$6,">"&C5)+COUNTIF($C$2:C5,C5) -> 4
A6: Medical bill | B6: 640 | C6: 0 | D6: 40 | E6: =ROUND(B6*C6/12,2) -> 0 | F6: =COUNTIF($B$2:$B$6,"<"&B6)+COUNTIF($B$2:B6,B6) -> 1 | G6: =COUNTIF($C$2:$C$6,">"&C6)+COUNTIF($C$2:C6,C6) -> 5
A7: Total | B7: =SUM(B2:B6) -> 31040 | C7: =IF(B7=0,0,SUMPRODUCT(B2:B6,C2:C6)/B7) -> 0.093759987 | D7: =SUM(D2:D6) -> 650 | E7: =SUM(E2:E6) -> 242.53
A9: Extra payment each month | B9: 300
A10: First month of the plan | B10: =DATE(2026,11,1) -> 46327
A11: Total paid toward debt each month | B11: =D7+B9 -> 950

Sheet Snowball
A1: Month | B1: Date | C1: Debt 1 interest | D1: Debt 1 payment | E1: Debt 1 balance | F1: Debt 2 interest | G1: Debt 2 payment | H1: Debt 2 balance | I1: Debt 3 interest | J1: Debt 3 payment | K1: Debt 3 balance | L1: Debt 4 interest | M1: Debt 4 payment | N1: Debt 4 balance | O1: Debt 5 interest | P1: Debt 5 payment | Q1: Debt 5 balance | R1: Total paid | S1: Total interest | T1: Total balance | U1: Min paid 1 | V1: Min paid 2 | W1: Min paid 3 | X1: Min paid 4 | Y1: Min paid 5 | Z1: Room 1 | AA1: Room 2 | AB1: Room 3 | AC1: Room 4 | AD1: Room 5 | AE1: Extra to share
A2: Start | C2: =Debts!A2 -> Store card | D2: ="Pay #"&Debts!F2 -> Pay #2 | E2: =Debts!B2 -> 1900 | F2: =Debts!A3 -> Visa card | G2: ="Pay #"&Debts!F3 -> Pay #3 | H2: =Debts!B3 -> 4200 | I2: =Debts!A4 -> Car loan | J2: ="Pay #"&Debts!F4 -> Pay #4 | K2: =Debts!B4 -> 9800 | L2: =Debts!A5 -> Student loan | M2: ="Pay #"&Debts!F5 -> Pay #5 | N2: =Debts!B5 -> 14500 | O2: =Debts!A6 -> Medical bill | P2: ="Pay #"&Debts!F6 -> Pay #1 | Q2: =Debts!B6 -> 640 | T2: =E2+H2+K2+N2+Q2 -> 31040 | Z2: =Debts!F2 -> 2 | AA2: =Debts!F3 -> 3 | AB2: =Debts!F4 -> 4 | AC2: =Debts!F5 -> 5 | AD2: =Debts!F6 -> 1
A3: 1 | B3: =DATE(YEAR(Debts!$B$10),MONTH(Debts!$B$10)+A3-1,1) -> 46327 | C3: =ROUND(E2*Debts!$C$2/12,2) -> 39.57 | D3: =U3+MAX(0,MIN(Z3,$AE3-SUMIF($Z$2:$AD$2,"<"&Z$2,$Z3:$AD3))) -> 60 | E3: =ROUND(E2+C3-D3,2) -> 1879.57 | F3: =ROUND(H2*Debts!$C$3/12,2) -> 80.15 | G3: =V3+MAX(0,MIN(AA3,$AE3-SUMIF($Z$2:$AD$2,"<"&AA$2,$Z3:$AD3))) -> 105 | H3: =ROUND(H2+F3-G3,2) -> 4175.15 | I3: =ROUND(K2*Debts!$C$4/12,2) -> 56.35 | J3: =W3+MAX(0,MIN(AB3,$AE3-SUMIF($Z$2:$AD$2,"<"&AB$2,$Z3:$AD3))) -> 285 | K3: =ROUND(K2+I3-J3,2) -> 9571.35 | L3: =ROUND(N2*Debts!$C$5/12,2) -> 66.46 | M3: =X3+MAX(0,MIN(AC3,$AE3-SUMIF($Z$2:$AD$2,"<"&AC$2,$Z3:$AD3))) -> 160 | N3: =ROUND(N2+L3-M3,2) -> 14406.46 | O3: =ROUND(Q2*Debts!$C$6/12,2) -> 0 | P3: =Y3+MAX(0,MIN(AD3,$AE3-SUMIF($Z$2:$AD$2,"<"&AD$2,$Z3:$AD3))) -> 340 | Q3: =ROUND(Q2+O3-P3,2) -> 300 | R3: =D3+G3+J3+M3+P3 -> 950 | S3: =C3+F3+I3+L3+O3 -> 242.53 | T3: =E3+H3+K3+N3+Q3 -> 30332.53 | U3: =MIN(Debts!$D$2,E2+C3) -> 60 | V3: =MIN(Debts!$D$3,H2+F3) -> 105 | W3: =MIN(Debts!$D$4,K2+I3) -> 285 | X3: =MIN(Debts!$D$5,N2+L3) -> 160 | Y3: =MIN(Debts!$D$6,Q2+O3) -> 40 | Z3: =E2+C3-U3 -> 1879.57 | AA3: =H2+F3-V3 -> 4175.15 | AB3: =K2+I3-W3 -> 9571.35 | AC3: =N2+L3-X3 -> 14406.46 | AD3: =Q2+O3-Y3 -> 600 | AE3: =MAX(0,Debts!$B$11-SUM(U3:Y3)) -> 300
A4: 2 | B4: =DATE(YEAR(Debts!$B$10),MONTH(Debts!$B$10)+A4-1,1) -> 46357 | C4: =ROUND(E3*Debts!$C$2/12,2) -> 39.14 | D4: =U4+MAX(0,MIN(Z4,$AE4-SUMIF($Z$2:$AD$2,"<"&Z$2,$Z4:$AD4))) -> 100 | E4: =ROUND(E3+C4-D4,2) -> 1818.71 | F4: =ROUND(H3*Debts!$C$3/12,2) -> 79.68 | G4: =V4+MAX(0,MIN(AA4,$AE4-SUMIF($Z$2:$AD$2,"<"&AA$2,$Z4:$AD4))) -> 105 | H4: =ROUND(H3+F4-G4,2) -> 4149.83 | I4: =ROUND(K3*Debts!$C$4/12,2) -> 55.04 | J4: =W4+MAX(0,MIN(AB4,$AE4-SUMIF($Z$2:$AD$2,"<"&AB$2,$Z4:$AD4))) -> 285 | K4: =ROUND(K3+I4-J4,2) -> 9341.39 | L4: =ROUND(N3*Debts!$C$5/12,2) -> 66.03 | M4: =X4+MAX(0,MIN(AC4,$AE4-SUMIF($Z$2:$AD$2,"<"&AC$2,$Z4:$AD4))) -> 160 | N4: =ROUND(N3+L4-M4,2) -> 14312.49 | O4: =ROUND(Q3*Debts!$C$6/12,2) -> 0 | P4: =Y4+MAX(0,MIN(AD4,$AE4-SUMIF($Z$2:$AD$2,"<"&AD$2,$Z4:$AD4))) -> 300 | Q4: =ROUND(Q3+O4-P4,2) -> 0 | R4: =D4+G4+J4+M4+P4 -> 950 | S4: =C4+F4+I4+L4+O4 -> 239.89 | T4: =E4+H4+K4+N4+Q4 -> 29622.42 | U4: =MIN(Debts!$D$2,E3+C4) -> 60 | V4: =MIN(Debts!$D$3,H3+F4) -> 105 | W4: =MIN(Debts!$D$4,K3+I4) -> 285 | X4: =MIN(Debts!$D$5,N3+L4) -> 160 | Y4: =MIN(Debts!$D$6,Q3+O4) -> 40 | Z4: =E3+C4-U4 -> 1858.71 | AA4: =H3+F4-V4 -> 4149.83 | AB4: =K3+I4-W4 -> 9341.39 | AC4: =N3+L4-X4 -> 14312.49 | AD4: =Q3+O4-Y4 -> 260 | AE4: =MAX(0,Debts!$B$11-SUM(U4:Y4)) -> 300
A5: 3 | B5: =DATE(YEAR(Debts!$B$10),MONTH(Debts!$B$10)+A5-1,1) -> 46388 | C5: =ROUND(E4*Debts!$C$2/12,2) -> 37.87 | D5: =U5+MAX(0,MIN(Z5,$AE5-SUMIF($Z$2:$AD$2,"<"&Z$2,$Z5:$AD5))) -> 400 | E5: =ROUND(E4+C5-D5,2) -> 1456.58 | F5: =ROUND(H4*Debts!$C$3/12,2) -> 79.19 | G5: =V5+MAX(0,MIN(AA5,$AE5-SUMIF($Z$2:$AD$2,"<"&AA$2,$Z5:$AD5))) -> 105 | H5: =ROUND(H4+F5-G5,2) -> 4124.02 | I5: =ROUND(K4*Debts!$C$4/12,2) -> 53.71 | J5: =W5+MAX(0,MIN(AB5,$AE5-SUMIF($Z$2:$AD$2,"<"&AB$2,$Z5:$AD5))) -> 285 | K5: =ROUND(K4+I5-J5,2) -> 9110.1 | L5: =ROUND(N4*Debts!$C$5/12,2) -> 65.6 | M5: =X5+MAX(0,MIN(AC5,$AE5-SUMIF($Z$2:$AD$2,"<"&AC$2,$Z5:$AD5))) -> 160 | N5: =ROUND(N4+L5-M5,2) -> 14218.09 | O5: =ROUND(Q4*Debts!$C$6/12,2) -> 0 | P5: =Y5+MAX(0,MIN(AD5,$AE5-SUMIF($Z$2:$AD$2,"<"&AD$2,$Z5:$AD5))) -> 0 | Q5: =ROUND(Q4+O5-P5,2) -> 0 | R5: =D5+G5+J5+M5+P5 -> 950 | S5: =C5+F5+I5+L5+O5 -> 236.37 | T5: =E5+H5+K5+N5+Q5 -> 28908.79 | U5: =MIN(Debts!$D$2,E4+C5) -> 60 | V5: =MIN(Debts!$D$3,H4+F5) -> 105 | W5: =MIN(Debts!$D$4,K4+I5) -> 285 | X5: =MIN(Debts!$D$5,N4+L5) -> 160 | Y5: =MIN(Debts!$D$6,Q4+O5) -> 0 | Z5: =E4+C5-U5 -> 1796.58 | AA5: =H4+F5-V5 -> 4124.02 | AB5: =K4+I5-W5 -> 9110.1 | AC5: =N4+L5-X5 -> 14218.09 | AD5: =Q4+O5-Y5 -> 0 | AE5: =MAX(0,Debts!$B$11-SUM(U5:Y5)) -> 340
A6: 4 | B6: =DATE(YEAR(Debts!$B$10),MONTH(Debts!$B$10)+A6-1,1) -> 46419 | C6: =ROUND(E5*Debts!$C$2/12,2) -> 30.33 | D6: =U6+MAX(0,MIN(Z6,$AE6-SUMIF($Z$2:$AD$2,"<"&Z$2,$Z6:$AD6))) -> 400 | E6: =ROUND(E5+C6-D6,2) -> 1086.91 | F6: =ROUND(H5*Debts!$C$3/12,2) -> 78.7 | G6: =V6+MAX(0,MIN(AA6,$AE6-SUMIF($Z$2:$AD$2,"<"&AA$2,$Z6:$AD6))) -> 105 | H6: =ROUND(H5+F6-G6,2) -> 4097.72 | I6: =ROUND(K5*Debts!$C$4/12,2) -> 52.38 | J6: =W6+MAX(0,MIN(AB6,$AE6-SUMIF($Z$2:$AD$2,"<"&AB$2,$Z6:$AD6))) -> 285 | K6: =ROUND(K5+I6-J6,2) -> 8877.48 | L6: =ROUND(N5*Debts!$C$5/12,2) -> 65.17 | M6: =X6+MAX(0,MIN(AC6,$AE6-SUMIF($Z$2:$AD$2,"<"&AC$2,$Z6:$AD6))) -> 160 | N6: =ROUND(N5+L6-M6,2) -> 14123.26 | O6: =ROUND(Q5*Debts!$C$6/12,2) -> 0 | P6: =Y6+MAX(0,MIN(AD6,$AE6-SUMIF($Z$2:$AD$2,"<"&AD$2,$Z6:$AD6))) -> 0 | Q6: =ROUND(Q5+O6-P6,2) -> 0 | R6: =D6+G6+J6+M6+P6 -> 950 | S6: =C6+F6+I6+L6+O6 -> 226.58 | T6: =E6+H6+K6+N6+Q6 -> 28185.37 | U6: =MIN(Debts!$D$2,E5+C6) -> 60 | V6: =MIN(Debts!$D$3,H5+F6) -> 105 | W6: =MIN(Debts!$D$4,K5+I6) -> 285 | X6: =MIN(Debts!$D$5,N5+L6) -> 160 | Y6: =MIN(Debts!$D$6,Q5+O6) -> 0 | Z6: =E5+C6-U6 -> 1426.91 | AA6: =H5+F6-V6 -> 4097.72 | AB6: =K5+I6-W6 -> 8877.48 | AC6: =N5+L6-X6 -> 14123.26 | AD6: =Q5+O6-Y6 -> 0 | AE6: =MAX(0,Debts!$B$11-SUM(U6:Y6)) -> 340
A7: 5 | B7: =DATE(YEAR(Debts!$B$10),MONTH(Debts!$B$10)+A7-1,1) -> 46447 | C7: =ROUND(E6*Debts!$C$2/12,2) -> 22.63 | D7: =U7+MAX(0,MIN(Z7,$AE7-SUMIF($Z$2:$AD$2,"<"&Z$2,$Z7:$AD7))) -> 400 | E7: =ROUND(E6+C7-D7,2) -> 709.54 | F7: =ROUND(H6*Debts!$C$3/12,2) -> 78.2 | G7: =V7+MAX(0,MIN(AA7,$AE7-SUMIF($Z$2:$AD$2,"<"&AA$2,$Z7:$AD7))) -> 105 | H7: =ROUND(H6+F7-G7,2) -> 4070.92 | I7: =ROUND(K6*Debts!$C$4/12,2) -> 51.05 | J7: =W7+MAX(0,MIN(AB7,$AE7-SUMIF($Z$2:$AD$2,"<"&AB$2,$Z7:$AD7))) -> 285 | K7: =ROUND(K6+I7-J7,2) -> 8643.53 | L7: =ROUND(N6*Debts!$C$5/12,2) -> 64.73 | M7: =X7+MAX(0,MIN(AC7,$AE7-SUMIF($Z$2:$AD$2,"<"&AC$2,$Z7:$AD7))) -> 160 | N7: =ROUND(N6+L7-M7,2) -> 14027.99 | O7: =ROUND(Q6*Debts!$C$6/12,2) -> 0 | P7: =Y7+MAX(0,MIN(AD7,$AE7-SUMIF($Z$2:$AD$2,"<"&AD$2,$Z7:$AD7))) -> 0 | Q7: =ROUND(Q6+O7-P7,2) -> 0 | R7: =D7+G7+J7+M7+P7 -> 950 | S7: =C7+F7+I7+L7+O7 -> 216.61 | T7: =E7+H7+K7+N7+Q7 -> 27451.98 | U7: =MIN(Debts!$D$2,E6+C7) -> 60 | V7: =MIN(Debts!$D$3,H6+F7) -> 105 | W7: =MIN(Debts!$D$4,K6+I7) -> 285 | X7: =MIN(Debts!$D$5,N6+L7) -> 160 | Y7: =MIN(Debts!$D$6,Q6+O7) -> 0 | Z7: =E6+C7-U7 -> 1049.54 | AA7: =H6+F7-V7 -> 4070.92 | AB7: =K6+I7-W7 -> 8643.53 | AC7: =N6+L7-X7 -> 14027.99 | AD7: =Q6+O7-Y7 -> 0 | AE7: =MAX(0,Debts!$B$11-SUM(U7:Y7)) -> 340
A8: 6 | B8: =DATE(YEAR(Debts!$B$10),MONTH(Debts!$B$10)+A8-1,1) -> 46478 | C8: =ROUND(E7*Debts!$C$2/12,2) -> 14.78 | D8: =U8+MAX(0,MIN(Z8,$AE8-SUMIF($Z$2:$AD$2,"<"&Z$2,$Z8:$AD8))) -> 400 | E8: =ROUND(E7+C8-D8,2) -> 324.32 | F8: =ROUND(H7*Debts!$C$3/12,2) -> 77.69 | G8: =V8+MAX(0,MIN(AA8,$AE8-SUMIF($Z$2:$AD$2,"<"&AA$2,$Z8:$AD8))) -> 105 | H8: =ROUND(H7+F8-G8,2) -> 4043.61 | I8: =ROUND(K7*Debts!$C$4/12,2) -> 49.7 | J8: =W8+MAX(0,MIN(AB8,$AE8-SUMIF($Z$2:$AD$2,"<"&AB$2,$Z8:$AD8))) -> 285 | K8: =ROUND(K7+I8-J8,2) -> 8408.23 | L8: =ROUND(N7*Debts!$C$5/12,2) -> 64.29 | M8: =X8+MAX(0,MIN(AC8,$AE8-SUMIF($Z$2:$AD$2,"<"&AC$2,$Z8:$AD8))) -> 160 | N8: =ROUND(N7+L8-M8,2) -> 13932.28 | O8: =ROUND(Q7*Debts!$C$6/12,2) -> 0 | P8: =Y8+MAX(0,MIN(AD8,$AE8-SUMIF($Z$2:$AD$2,"<"&AD$2,$Z8:$AD8))) -> 0 | Q8: =ROUND(Q7+O8-P8,2) -> 0 | R8: =D8+G8+J8+M8+P8 -> 950 | S8: =C8+F8+I8+L8+O8 -> 206.46 | T8: =E8+H8+K8+N8+Q8 -> 26708.44 | U8: =MIN(Debts!$D$2,E7+C8) -> 60 | V8: =MIN(Debts!$D$3,H7+F8) -> 105 | W8: =MIN(Debts!$D$4,K7+I8) -> 285 | X8: =MIN(Debts!$D$5,N7+L8) -> 160 | Y8: =MIN(Debts!$D$6,Q7+O8) -> 0 | Z8: =E7+C8-U8 -> 664.32 | AA8: =H7+F8-V8 -> 4043.61 | AB8: =K7+I8-W8 -> 8408.23 | AC8: =N7+L8-X8 -> 13932.28 | AD8: =Q7+O8-Y8 -> 0 | AE8: =MAX(0,Debts!$B$11-SUM(U8:Y8)) -> 340
A9: 7 | B9: =DATE(YEAR(Debts!$B$10),MONTH(Debts!$B$10)+A9-1,1) -> 46508 | C9: =ROUND(E8*Debts!$C$2/12,2) -> 6.75 | D9: =U9+MAX(0,MIN(Z9,$AE9-SUMIF($Z$2:$AD$2,"<"&Z$2,$Z9:$AD9))) -> 331.07 | E9: =ROUND(E8+C9-D9,2) -> 0 | F9: =ROUND(H8*Debts!$C$3/12,2) -> 77.17 | G9: =V9+MAX(0,MIN(AA9,$AE9-SUMIF($Z$2:$AD$2,"<"&AA$2,$Z9:$AD9))) -> 173.93 | H9: =ROUND(H8+F9-G9,2) -> 3946.85 | I9: =ROUND(K8*Debts!$C$4/12,2) -> 48.35 | J9: =W9+MAX(0,MIN(AB9,$AE9-SUMIF($Z$2:$AD$2,"<"&AB$2,$Z9:$AD9))) -> 285 | K9: =ROUND(K8+I9-J9,2) -> 8171.58 | L9: =ROUND(N8*Debts!$C$5/12,2) -> 63.86 | M9: =X9+MAX(0,MIN(AC9,$AE9-SUMIF($Z$2:$AD$2,"<"&AC$2,$Z9:$AD9))) -> 160 | N9: =ROUND(N8+L9-M9,2) -> 13836.14 | O9: =ROUND(Q8*Debts!$C$6/12,2) -> 0 | P9: =Y9+MAX(0,MIN(AD9,$AE9-SUMIF($Z$2:$AD$2,"<"&AD$2,$Z9:$AD9))) -> 0 | Q9: =ROUND(Q8+O9-P9,2) -> 0 | R9: =D9+G9+J9+M9+P9 -> 950 | S9: =C9+F9+I9+L9+O9 -> 196.13 | T9: =E9+H9+K9+N9+Q9 -> 25954.57 | U9: =MIN(Debts!$D$2,E8+C9) -> 60 | V9: =MIN(Debts!$D$3,H8+F9) -> 105 | W9: =MIN(Debts!$D$4,K8+I9) -> 285 | X9: =MIN(Debts!$D$5,N8+L9) -> 160 | Y9: =MIN(Debts!$D$6,Q8+O9) -> 0 | Z9: =E8+C9-U9 -> 271.07 | AA9: =H8+F9-V9 -> 4015.78 | AB9: =K8+I9-W9 -> 8171.58 | AC9: =N8+L9-X9 -> 13836.14 | AD9: =Q8+O9-Y9 -> 0 | AE9: =MAX(0,Debts!$B$11-SUM(U9:Y9)) -> 340
A10: 8 | B10: =DATE(YEAR(Debts!$B$10),MONTH(Debts!$B$10)+A10-1,1) -> 46539 | C10: =ROUND(E9*Debts!$C$2/12,2) -> 0 | D10: =U10+MAX(0,MIN(Z10,$AE10-SUMIF($Z$2:$AD$2,"<"&Z$2,$Z10:$AD10))) -> 0 | E10: =ROUND(E9+C10-D10,2) -> 0 | F10: =ROUND(H9*Debts!$C$3/12,2) -> 75.32 | G10: =V10+MAX(0,MIN(AA10,$AE10-SUMIF($Z$2:$AD$2,"<"&AA$2,$Z10:$AD10))) -> 505 | H10: =ROUND(H9+F10-G10,2) -> 3517.17 | I10: =ROUND(K9*Debts!$C$4/12,2) -> 46.99 | J10: =W10+MAX(0,MIN(AB10,$AE10-SUMIF($Z$2:$AD$2,"<"&AB$2,$Z10:$AD10))) -> 285 | K10: =ROUND(K9+I10-J10,2) -> 7933.57 | L10: =ROUND(N9*Debts!$C$5/12,2) -> 63.42 | M10: =X10+MAX(0,MIN(AC10,$AE10-SUMIF($Z$2:$AD$2,"<"&AC$2,$Z10:$AD10))) -> 160 | N10: =ROUND(N9+L10-M10,2) -> 13739.56 | O10: =ROUND(Q9*Debts!$C$6/12,2) -> 0 | P10: =Y10+MAX(0,MIN(AD10,$AE10-SUMIF($Z$2:$AD$2,"<"&AD$2,$Z10:$AD10))) -> 0 | Q10: =ROUND(Q9+O10-P10,2) -> 0 | R10: =D10+G10+J10+M10+P10 -> 950 | S10: =C10+F10+I10+L10+O10 -> 185.73 | T10: =E10+H10+K10+N10+Q10 -> 25190.3 | U10: =MIN(Debts!$D$2,E9+C10) -> 0 | V10: =MIN(Debts!$D$3,H9+F10) -> 105 | W10: =MIN(Debts!$D$4,K9+I10) -> 285 | X10: =MIN(Debts!$D$5,N9+L10) -> 160 | Y10: =MIN(Debts!$D$6,Q9+O10) -> 0 | Z10: =E9+C10-U10 -> 0 | AA10: =H9+F10-V10 -> 3917.17 | AB10: =K9+I10-W10 -> 7933.57 | AC10: =N9+L10-X10 -> 13739.56 | AD10: =Q9+O10-Y10 -> 0 | AE10: =MAX(0,Debts!$B$11-SUM(U10:Y10)) -> 400
A11: 9 | B11: =DATE(YEAR(Debts!$B$10),MONTH(Debts!$B$10)+A11-1,1) -> 46569 | C11: =ROUND(E10*Debts!$C$2/12,2) -> 0 | D11: =U11+MAX(0,MIN(Z11,$AE11-SUMIF($Z$2:$AD$2,"<"&Z$2,$Z11:$AD11))) -> 0 | E11: =ROUND(E10+C11-D11,2) -> 0 | F11: =ROUND(H10*Debts!$C$3/12,2) -> 67.12 | G11: =V11+MAX(0,MIN(AA11,$AE11-SUMIF($Z$2:$AD$2,"<"&AA$2,$Z11:$AD11))) -> 505 | H11: =ROUND(H10+F11-G11,2) -> 3079.29 | I11: =ROUND(K10*Debts!$C$4/12,2) -> 45.62 | J11: =W11+MAX(0,MIN(AB11,$AE11-SUMIF($Z$2:$AD$2,"<"&AB$2,$Z11:$AD11))) -> 285 | K11: =ROUND(K10+I11-J11,2) -> 7694.19 | L11: =ROUND(N10*Debts!$C$5/12,2) -> 62.97 | M11: =X11+MAX(0,MIN(AC11,$AE11-SUMIF($Z$2:$AD$2,"<"&AC$2,$Z11:$AD11))) -> 160 | N11: =ROUND(N10+L11-M11,2) -> 13642.53 | O11: =ROUND(Q10*Debts!$C$6/12,2) -> 0 | P11: =Y11+MAX(0,MIN(AD11,$AE11-SUMIF($Z$2:$AD$2,"<"&AD$2,$Z11:$AD11))) -> 0 | Q11: =ROUND(Q10+O11-P11,2) -> 0 | R11: =D11+G11+J11+M11+P11 -> 950 | S11: =C11+F11+I11+L11+O11 -> 175.71 | T11: =E11+H11+K11+N11+Q11 -> 24416.01 | U11: =MIN(Debts!$D$2,E10+C11) -> 0 | V11: =MIN(Debts!$D$3,H10+F11) -> 105 | W11: =MIN(Debts!$D$4,K10+I11) -> 285 | X11: =MIN(Debts!$D$5,N10+L11) -> 160 | Y11: =MIN(Debts!$D$6,Q10+O11) -> 0 | Z11: =E10+C11-U11 -> 0 | AA11: =H10+F11-V11 -> 3479.29 | AB11: =K10+I11-W11 -> 7694.19 | AC11: =N10+L11-X11 -> 13642.53 | AD11: =Q10+O11-Y11 -> 0 | AE11: =MAX(0,Debts!$B$11-SUM(U11:Y11)) -> 400
A12: 10 | B12: =DATE(YEAR(Debts!$B$10),MONTH(Debts!$B$10)+A12-1,1) -> 46600 | C12: =ROUND(E11*Debts!$C$2/12,2) -> 0 | D12: =U12+MAX(0,MIN(Z12,$AE12-SUMIF($Z$2:$AD$2,"<"&Z$2,$Z12:$AD12))) -> 0 | E12: =ROUND(E11+C12-D12,2) -> 0 | F12: =ROUND(H11*Debts!$C$3/12,2) -> 58.76 | G12: =V12+MAX(0,MIN(AA12,$AE12-SUMIF($Z$2:$AD$2,"<"&AA$2,$Z12:$AD12))) -> 505 | H12: =ROUND(H11+F12-G12,2) -> 2633.05 | I12: =ROUND(K11*Debts!$C$4/12,2) -> 44.24 | J12: =W12+MAX(0,MIN(AB12,$AE12-SUMIF($Z$2:$AD$2,"<"&AB$2,$Z12:$AD12))) -> 285 | K12: =ROUND(K11+I12-J12,2) -> 7453.43 | L12: =ROUND(N11*Debts!$C$5/12,2) -> 62.53 | M12: =X12+MAX(0,MIN(AC12,$AE12-SUMIF($Z$2:$AD$2,"<"&AC$2,$Z12:$AD12))) -> 160 | N12: =ROUND(N11+L12-M12,2) -> 13545.06 | O12: =ROUND(Q11*Debts!$C$6/12,2) -> 0 | P12: =Y12+MAX(0,MIN(AD12,$AE12-SUMIF($Z$2:$AD$2,"<"&AD$2,$Z12:$AD12))) -> 0 | Q12: =ROUND(Q11+O12-P12,2) -> 0 | R12: =D12+G12+J12+M12+P12 -> 950 | S12: =C12+F12+I12+L12+O12 -> 165.53 | T12: =E12+H12+K12+N12+Q12 -> 23631.54 | U12: =MIN(Debts!$D$2,E11+C12) -> 0 | V12: =MIN(Debts!$D$3,H11+F12) -> 105 | W12: =MIN(Debts!$D$4,K11+I12) -> 285 | X12: =MIN(Debts!$D$5,N11+L12) -> 160 | Y12: =MIN(Debts!$D$6,Q11+O12) -> 0 | Z12: =E11+C12-U12 -> 0 | AA12: =H11+F12-V12 -> 3033.05 | AB12: =K11+I12-W12 -> 7453.43 | AC12: =N11+L12-X12 -> 13545.06 | AD12: =Q11+O12-Y12 -> 0 | AE12: =MAX(0,Debts!$B$11-SUM(U12:Y12)) -> 400
A13: 11 | B13: =DATE(YEAR(Debts!$B$10),MONTH(Debts!$B$10)+A13-1,1) -> 46631 | C13: =ROUND(E12*Debts!$C$2/12,2) -> 0 | D13: =U13+MAX(0,MIN(Z13,$AE13-SUMIF($Z$2:$AD$2,"<"&Z$2,$Z13:$AD13))) -> 0 | E13: =ROUND(E12+C13-D13,2) -> 0 | F13: =ROUND(H12*Debts!$C$3/12,2) -> 50.25 | G13: =V13+MAX(0,MIN(AA13,$AE13-SUMIF($Z$2:$AD$2,"<"&AA$2,$Z13:$AD13))) -> 505 | H13: =ROUND(H12+F13-G13,2) -> 2178.3 | I13: =ROUND(K12*Debts!$C$4/12,2) -> 42.86 | J13: =W13+MAX(0,MIN(AB13,$AE13-SUMIF($Z$2:$AD$2,"<"&AB$2,$Z13:$AD13))) -> 285 | K13: =ROUND(K12+I13-J13,2) -> 7211.29 | L13: =ROUND(N12*Debts!$C$5/12,2) -> 62.08 | M13: =X13+MAX(0,MIN(AC13,$AE13-SUMIF($Z$2:$AD$2,"<"&AC$2,$Z13:$AD13))) -> 160 | N13: =ROUND(N12+L13-M13,2) -> 13447.14 | O13: =ROUND(Q12*Debts!$C$6/12,2) -> 0 | P13: =Y13+MAX(0,MIN(AD13,$AE13-SUMIF($Z$2:$AD$2,"<"&AD$2,$Z13:$AD13))) -> 0 | Q13: =ROUND(Q12+O13-P13,2) -> 0 | R13: =D13+G13+J13+M13+P13 -> 950 | S13: =C13+F13+I13+L13+O13 -> 155.19 | T13: =E13+H13+K13+N13+Q13 -> 22836.73 | U13: =MIN(Debts!$D$2,E12+C13) -> 0 | V13: =MIN(Debts!$D$3,H12+F13) -> 105 | W13: =MIN(Debts!$D$4,K12+I13) -> 285 | X13: =MIN(Debts!$D$5,N12+L13) -> 160 | Y13: =MIN(Debts!$D$6,Q12+O13) -> 0 | Z13: =E12+C13-U13 -> 0 | AA13: =H12+F13-V13 -> 2578.3 | AB13: =K12+I13-W13 -> 7211.29 | AC13: =N12+L13-X13 -> 13447.14 | AD13: =Q12+O13-Y13 -> 0 | AE13: =MAX(0,Debts!$B$11-SUM(U13:Y13)) -> 400
A14: 12 | B14: =DATE(YEAR(Debts!$B$10),MONTH(Debts!$B$10)+A14-1,1) -> 46661 | C14: =ROUND(E13*Debts!$C$2/12,2) -> 0 | D14: =U14+MAX(0,MIN(Z14,$AE14-SUMIF($Z$2:$AD$2,"<"&Z$2,$Z14:$AD14))) -> 0 | E14: =ROUND(E13+C14-D14,2) -> 0 | F14: =ROUND(H13*Debts!$C$3/12,2) -> 41.57 | G14: =V14+MAX(0,MIN(AA14,$AE14-SUMIF($Z$2:$AD$2,"<"&AA$2,$Z14:$AD14))) -> 505 | H14: =ROUND(H13+F14-G14,2) -> 1714.87 | I14: =ROUND(K13*Debts!$C$4/12,2) -> 41.46 | J14: =W14+MAX(0,MIN(AB14,$AE14-SUMIF($Z$2:$AD$2,"<"&AB$2,$Z14:$AD14))) -> 285 | K14: =ROUND(K13+I14-J14,2) -> 6967.75 | L14: =ROUND(N13*Debts!$C$5/12,2) -> 61.63 | M14: =X14+MAX(0,MIN(AC14,$AE14-SUMIF($Z$2:$AD$2,"<"&AC$2,$Z14:$AD14))) -> 160 | N14: =ROUND(N13+L14-M14,2) -> 13348.77 | O14: =ROUND(Q13*Debts!$C$6/12,2) -> 0 | P14: =Y14+MAX(0,MIN(AD14,$AE14-SUMIF($Z$2:$AD$2,"<"&AD$2,$Z14:$AD14))) -> 0 | Q14: =ROUND(Q13+O14-P14,2) -> 0 | R14: =D14+G14+J14+M14+P14 -> 950 | S14: =C14+F14+I14+L14+O14 -> 144.66 | T14: =E14+H14+K14+N14+Q14 -> 22031.39 | U14: =MIN(Debts!$D$2,E13+C14) -> 0 | V14: =MIN(Debts!$D$3,H13+F14) -> 105 | W14: =MIN(Debts!$D$4,K13+I14) -> 285 | X14: =MIN(Debts!$D$5,N13+L14) -> 160 | Y14: =MIN(Debts!$D$6,Q13+O14) -> 0 | Z14: =E13+C14-U14 -> 0 | AA14: =H13+F14-V14 -> 2114.87 | AB14: =K13+I14-W14 -> 6967.75 | AC14: =N13+L14-X14 -> 13348.77 | AD14: =Q13+O14-Y14 -> 0 | AE14: =MAX(0,Debts!$B$11-SUM(U14:Y14)) -> 400
... A62: 60 | B62: =DATE(YEAR(Debts!$B$10),MONTH(Debts!$B$10)+A62-1,1) -> 48122 | C62: =ROUND(E61*Debts!$C$2/12,2) -> 0 | D62: =U62+MAX(0,MIN(Z62,$AE62-SUMIF($Z$2:$AD$2,"<"&Z$2,$Z62:$AD62))) -> 0 | E62: =ROUND(E61+C62-D62,2) -> 0 | F62: =ROUND(H61*Debts!$C$3/12,2) -> 0 | G62: =V62+MAX(0,MIN(AA62,$AE62-SUMIF($Z$2:$AD$2,"<"&AA$2,$Z62:$AD62))) -> 0 | H62: =ROUND(H61+F62-G62,2) -> 0 | I62: =ROUND(K61*Debts!$C$4/12,2) -> 0 | J62: =W62+MAX(0,MIN(AB62,$AE62-SUMIF($Z$2:$AD$2,"<"&AB$2,$Z62:$AD62))) -> 0 | K62: =ROUND(K61+I62-J62,2) -> 0 | L62: =ROUND(N61*Debts!$C$5/12,2) -> 0 | M62: =X62+MAX(0,MIN(AC62,$AE62-SUMIF($Z$2:$AD$2,"<"&AC$2,$Z62:$AD62))) -> 0 | N62: =ROUND(N61+L62-M62,2) -> 0 | O62: =ROUND(Q61*Debts!$C$6/12,2) -> 0 | P62: =Y62+MAX(0,MIN(AD62,$AE62-SUMIF($Z$2:$AD$2,"<"&AD$2,$Z62:$AD62))) -> 0 | Q62: =ROUND(Q61+O62-P62,2) -> 0 | R62: =D62+G62+J62+M62+P62 -> 0 | S62: =C62+F62+I62+L62+O62 -> 0 | T62: =E62+H62+K62+N62+Q62 -> 0 | U62: =MIN(Debts!$D$2,E61+C62) -> 0 | V62: =MIN(Debts!$D$3,H61+F62) -> 0 | W62: =MIN(Debts!$D$4,K61+I62) -> 0 | X62: =MIN(Debts!$D$5,N61+L62) -> 0 | Y62: =MIN(Debts!$D$6,Q61+O62) -> 0 | Z62: =E61+C62-U62 -> 0 | AA62: =H61+F62-V62 -> 0 | AB62: =K61+I62-W62 -> 0 | AC62: =N61+L62-X62 -> 0 | AD62: =Q61+O62-Y62 -> 0 | AE62: =MAX(0,Debts!$B$11-SUM(U62:Y62)) -> 950

Sheet Avalanche
A1: Month | B1: Date | C1: Debt 1 interest | D1: Debt 1 payment | E1: Debt 1 balance | F1: Debt 2 interest | G1: Debt 2 payment | H1: Debt 2 balance | I1: Debt 3 interest | J1: Debt 3 payment | K1: Debt 3 balance | L1: Debt 4 interest | M1: Debt 4 payment | N1: Debt 4 balance | O1: Debt 5 interest | P1: Debt 5 payment | Q1: Debt 5 balance | R1: Total paid | S1: Total interest | T1: Total balance | U1: Min paid 1 | V1: Min paid 2 | W1: Min paid 3 | X1: Min paid 4 | Y1: Min paid 5 | Z1: Room 1 | AA1: Room 2 | AB1: Room 3 | AC1: Room 4 | AD1: Room 5 | AE1: Extra to share
A2: Start | C2: =Debts!A2 -> Store card | D2: ="Pay #"&Debts!G2 -> Pay #1 | E2: =Debts!B2 -> 1900 | F2: =Debts!A3 -> Visa card | G2: ="Pay #"&Debts!G3 -> Pay #2 | H2: =Debts!B3 -> 4200 | I2: =Debts!A4 -> Car loan | J2: ="Pay #"&Debts!G4 -> Pay #3 | K2: =Debts!B4 -> 9800 | L2: =Debts!A5 -> Student loan | M2: ="Pay #"&Debts!G5 -> Pay #4 | N2: =Debts!B5 -> 14500 | O2: =Debts!A6 -> Medical bill | P2: ="Pay #"&Debts!G6 -> Pay #5 | Q2: =Debts!B6 -> 640 | T2: =E2+H2+K2+N2+Q2 -> 31040 | Z2: =Debts!G2 -> 1 | AA2: =Debts!G3 -> 2 | AB2: =Debts!G4 -> 3 | AC2: =Debts!G5 -> 4 | AD2: =Debts!G6 -> 5
A3: 1 | B3: =DATE(YEAR(Debts!$B$10),MONTH(Debts!$B$10)+A3-1,1) -> 46327 | C3: =ROUND(E2*Debts!$C$2/12,2) -> 39.57 | D3: =U3+MAX(0,MIN(Z3,$AE3-SUMIF($Z$2:$AD$2,"<"&Z$2,$Z3:$AD3))) -> 360 | E3: =ROUND(E2+C3-D3,2) -> 1579.57 | F3: =ROUND(H2*Debts!$C$3/12,2) -> 80.15 | G3: =V3+MAX(0,MIN(AA3,$AE3-SUMIF($Z$2:$AD$2,"<"&AA$2,$Z3:$AD3))) -> 105 | H3: =ROUND(H2+F3-G3,2) -> 4175.15 | I3: =ROUND(K2*Debts!$C$4/12,2) -> 56.35 | J3: =W3+MAX(0,MIN(AB3,$AE3-SUMIF($Z$2:$AD$2,"<"&AB$2,$Z3:$AD3))) -> 285 | K3: =ROUND(K2+I3-J3,2) -> 9571.35 | L3: =ROUND(N2*Debts!$C$5/12,2) -> 66.46 | M3: =X3+MAX(0,MIN(AC3,$AE3-SUMIF($Z$2:$AD$2,"<"&AC$2,$Z3:$AD3))) -> 160 | N3: =ROUND(N2+L3-M3,2) -> 14406.46 | O3: =ROUND(Q2*Debts!$C$6/12,2) -> 0 | P3: =Y3+MAX(0,MIN(AD3,$AE3-SUMIF($Z$2:$AD$2,"<"&AD$2,$Z3:$AD3))) -> 40 | Q3: =ROUND(Q2+O3-P3,2) -> 600 | R3: =D3+G3+J3+M3+P3 -> 950 | S3: =C3+F3+I3+L3+O3 -> 242.53 | T3: =E3+H3+K3+N3+Q3 -> 30332.53 | U3: =MIN(Debts!$D$2,E2+C3) -> 60 | V3: =MIN(Debts!$D$3,H2+F3) -> 105 | W3: =MIN(Debts!$D$4,K2+I3) -> 285 | X3: =MIN(Debts!$D$5,N2+L3) -> 160 | Y3: =MIN(Debts!$D$6,Q2+O3) -> 40 | Z3: =E2+C3-U3 -> 1879.57 | AA3: =H2+F3-V3 -> 4175.15 | AB3: =K2+I3-W3 -> 9571.35 | AC3: =N2+L3-X3 -> 14406.46 | AD3: =Q2+O3-Y3 -> 600 | AE3: =MAX(0,Debts!$B$11-SUM(U3:Y3)) -> 300
A4: 2 | B4: =DATE(YEAR(Debts!$B$10),MONTH(Debts!$B$10)+A4-1,1) -> 46357 | C4: =ROUND(E3*Debts!$C$2/12,2) -> 32.89 | D4: =U4+MAX(0,MIN(Z4,$AE4-SUMIF($Z$2:$AD$2,"<"&Z$2,$Z4:$AD4))) -> 360 | E4: =ROUND(E3+C4-D4,2) -> 1252.46 | F4: =ROUND(H3*Debts!$C$3/12,2) -> 79.68 | G4: =V4+MAX(0,MIN(AA4,$AE4-SUMIF($Z$2:$AD$2,"<"&AA$2,$Z4:$AD4))) -> 105 | H4: =ROUND(H3+F4-G4,2) -> 4149.83 | I4: =ROUND(K3*Debts!$C$4/12,2) -> 55.04 | J4: =W4+MAX(0,MIN(AB4,$AE4-SUMIF($Z$2:$AD$2,"<"&AB$2,$Z4:$AD4))) -> 285 | K4: =ROUND(K3+I4-J4,2) -> 9341.39 | L4: =ROUND(N3*Debts!$C$5/12,2) -> 66.03 | M4: =X4+MAX(0,MIN(AC4,$AE4-SUMIF($Z$2:$AD$2,"<"&AC$2,$Z4:$AD4))) -> 160 | N4: =ROUND(N3+L4-M4,2) -> 14312.49 | O4: =ROUND(Q3*Debts!$C$6/12,2) -> 0 | P4: =Y4+MAX(0,MIN(AD4,$AE4-SUMIF($Z$2:$AD$2,"<"&AD$2,$Z4:$AD4))) -> 40 | Q4: =ROUND(Q3+O4-P4,2) -> 560 | R4: =D4+G4+J4+M4+P4 -> 950 | S4: =C4+F4+I4+L4+O4 -> 233.64 | T4: =E4+H4+K4+N4+Q4 -> 29616.17 | U4: =MIN(Debts!$D$2,E3+C4) -> 60 | V4: =MIN(Debts!$D$3,H3+F4) -> 105 | W4: =MIN(Debts!$D$4,K3+I4) -> 285 | X4: =MIN(Debts!$D$5,N3+L4) -> 160 | Y4: =MIN(Debts!$D$6,Q3+O4) -> 40 | Z4: =E3+C4-U4 -> 1552.46 | AA4: =H3+F4-V4 -> 4149.83 | AB4: =K3+I4-W4 -> 9341.39 | AC4: =N3+L4-X4 -> 14312.49 | AD4: =Q3+O4-Y4 -> 560 | AE4: =MAX(0,Debts!$B$11-SUM(U4:Y4)) -> 300
A5: 3 | B5: =DATE(YEAR(Debts!$B$10),MONTH(Debts!$B$10)+A5-1,1) -> 46388 | C5: =ROUND(E4*Debts!$C$2/12,2) -> 26.08 | D5: =U5+MAX(0,MIN(Z5,$AE5-SUMIF($Z$2:$AD$2,"<"&Z$2,$Z5:$AD5))) -> 360 | E5: =ROUND(E4+C5-D5,2) -> 918.54 | F5: =ROUND(H4*Debts!$C$3/12,2) -> 79.19 | G5: =V5+MAX(0,MIN(AA5,$AE5-SUMIF($Z$2:$AD$2,"<"&AA$2,$Z5:$AD5))) -> 105 | H5: =ROUND(H4+F5-G5,2) -> 4124.02 | I5: =ROUND(K4*Debts!$C$4/12,2) -> 53.71 | J5: =W5+MAX(0,MIN(AB5,$AE5-SUMIF($Z$2:$AD$2,"<"&AB$2,$Z5:$AD5))) -> 285 | K5: =ROUND(K4+I5-J5,2) -> 9110.1 | L5: =ROUND(N4*Debts!$C$5/12,2) -> 65.6 | M5: =X5+MAX(0,MIN(AC5,$AE5-SUMIF($Z$2:$AD$2,"<"&AC$2,$Z5:$AD5))) -> 160 | N5: =ROUND(N4+L5-M5,2) -> 14218.09 | O5: =ROUND(Q4*Debts!$C$6/12,2) -> 0 | P5: =Y5+MAX(0,MIN(AD5,$AE5-SUMIF($Z$2:$AD$2,"<"&AD$2,$Z5:$AD5))) -> 40 | Q5: =ROUND(Q4+O5-P5,2) -> 520 | R5: =D5+G5+J5+M5+P5 -> 950 | S5: =C5+F5+I5+L5+O5 -> 224.58 | T5: =E5+H5+K5+N5+Q5 -> 28890.75 | U5: =MIN(Debts!$D$2,E4+C5) -> 60 | V5: =MIN(Debts!$D$3,H4+F5) -> 105 | W5: =MIN(Debts!$D$4,K4+I5) -> 285 | X5: =MIN(Debts!$D$5,N4+L5) -> 160 | Y5: =MIN(Debts!$D$6,Q4+O5) -> 40 | Z5: =E4+C5-U5 -> 1218.54 | AA5: =H4+F5-V5 -> 4124.02 | AB5: =K4+I5-W5 -> 9110.1 | AC5: =N4+L5-X5 -> 14218.09 | AD5: =Q4+O5-Y5 -> 520 | AE5: =MAX(0,Debts!$B$11-SUM(U5:Y5)) -> 300
A6: 4 | B6: =DATE(YEAR(Debts!$B$10),MONTH(Debts!$B$10)+A6-1,1) -> 46419 | C6: =ROUND(E5*Debts!$C$2/12,2) -> 19.13 | D6: =U6+MAX(0,MIN(Z6,$AE6-SUMIF($Z$2:$AD$2,"<"&Z$2,$Z6:$AD6))) -> 360 | E6: =ROUND(E5+C6-D6,2) -> 577.67 | F6: =ROUND(H5*Debts!$C$3/12,2) -> 78.7 | G6: =V6+MAX(0,MIN(AA6,$AE6-SUMIF($Z$2:$AD$2,"<"&AA$2,$Z6:$AD6))) -> 105 | H6: =ROUND(H5+F6-G6,2) -> 4097.72 | I6: =ROUND(K5*Debts!$C$4/12,2) -> 52.38 | J6: =W6+MAX(0,MIN(AB6,$AE6-SUMIF($Z$2:$AD$2,"<"&AB$2,$Z6:$AD6))) -> 285 | K6: =ROUND(K5+I6-J6,2) -> 8877.48 | L6: =ROUND(N5*Debts!$C$5/12,2) -> 65.17 | M6: =X6+MAX(0,MIN(AC6,$AE6-SUMIF($Z$2:$AD$2,"<"&AC$2,$Z6:$AD6))) -> 160 | N6: =ROUND(N5+L6-M6,2) -> 14123.26 | O6: =ROUND(Q5*Debts!$C$6/12,2) -> 0 | P6: =Y6+MAX(0,MIN(AD6,$AE6-SUMIF($Z$2:$AD$2,"<"&AD$2,$Z6:$AD6))) -> 40 | Q6: =ROUND(Q5+O6-P6,2) -> 480 | R6: =D6+G6+J6+M6+P6 -> 950 | S6: =C6+F6+I6+L6+O6 -> 215.38 | T6: =E6+H6+K6+N6+Q6 -> 28156.13 | U6: =MIN(Debts!$D$2,E5+C6) -> 60 | V6: =MIN(Debts!$D$3,H5+F6) -> 105 | W6: =MIN(Debts!$D$4,K5+I6) -> 285 | X6: =MIN(Debts!$D$5,N5+L6) -> 160 | Y6: =MIN(Debts!$D$6,Q5+O6) -> 40 | Z6: =E5+C6-U6 -> 877.67 | AA6: =H5+F6-V6 -> 4097.72 | AB6: =K5+I6-W6 -> 8877.48 | AC6: =N5+L6-X6 -> 14123.26 | AD6: =Q5+O6-Y6 -> 480 | AE6: =MAX(0,Debts!$B$11-SUM(U6:Y6)) -> 300
A7: 5 | B7: =DATE(YEAR(Debts!$B$10),MONTH(Debts!$B$10)+A7-1,1) -> 46447 | C7: =ROUND(E6*Debts!$C$2/12,2) -> 12.03 | D7: =U7+MAX(0,MIN(Z7,$AE7-SUMIF($Z$2:$AD$2,"<"&Z$2,$Z7:$AD7))) -> 360 | E7: =ROUND(E6+C7-D7,2) -> 229.7 | F7: =ROUND(H6*Debts!$C$3/12,2) -> 78.2 | G7: =V7+MAX(0,MIN(AA7,$AE7-SUMIF($Z$2:$AD$2,"<"&AA$2,$Z7:$AD7))) -> 105 | H7: =ROUND(H6+F7-G7,2) -> 4070.92 | I7: =ROUND(K6*Debts!$C$4/12,2) -> 51.05 | J7: =W7+MAX(0,MIN(AB7,$AE7-SUMIF($Z$2:$AD$2,"<"&AB$2,$Z7:$AD7))) -> 285 | K7: =ROUND(K6+I7-J7,2) -> 8643.53 | L7: =ROUND(N6*Debts!$C$5/12,2) -> 64.73 | M7: =X7+MAX(0,MIN(AC7,$AE7-SUMIF($Z$2:$AD$2,"<"&AC$2,$Z7:$AD7))) -> 160 | N7: =ROUND(N6+L7-M7,2) -> 14027.99 | O7: =ROUND(Q6*Debts!$C$6/12,2) -> 0 | P7: =Y7+MAX(0,MIN(AD7,$AE7-SUMIF($Z$2:$AD$2,"<"&AD$2,$Z7:$AD7))) -> 40 | Q7: =ROUND(Q6+O7-P7,2) -> 440 | R7: =D7+G7+J7+M7+P7 -> 950 | S7: =C7+F7+I7+L7+O7 -> 206.01 | T7: =E7+H7+K7+N7+Q7 -> 27412.14 | U7: =MIN(Debts!$D$2,E6+C7) -> 60 | V7: =MIN(Debts!$D$3,H6+F7) -> 105 | W7: =MIN(Debts!$D$4,K6+I7) -> 285 | X7: =MIN(Debts!$D$5,N6+L7) -> 160 | Y7: =MIN(Debts!$D$6,Q6+O7) -> 40 | Z7: =E6+C7-U7 -> 529.7 | AA7: =H6+F7-V7 -> 4070.92 | AB7: =K6+I7-W7 -> 8643.53 | AC7: =N6+L7-X7 -> 14027.99 | AD7: =Q6+O7-Y7 -> 440 | AE7: =MAX(0,Debts!$B$11-SUM(U7:Y7)) -> 300
A8: 6 | B8: =DATE(YEAR(Debts!$B$10),MONTH(Debts!$B$10)+A8-1,1) -> 46478 | C8: =ROUND(E7*Debts!$C$2/12,2) -> 4.78 | D8: =U8+MAX(0,MIN(Z8,$AE8-SUMIF($Z$2:$AD$2,"<"&Z$2,$Z8:$AD8))) -> 234.48 | E8: =ROUND(E7+C8-D8,2) -> 0 | F8: =ROUND(H7*Debts!$C$3/12,2) -> 77.69 | G8: =V8+MAX(0,MIN(AA8,$AE8-SUMIF($Z$2:$AD$2,"<"&AA$2,$Z8:$AD8))) -> 230.52 | H8: =ROUND(H7+F8-G8,2) -> 3918.09 | I8: =ROUND(K7*Debts!$C$4/12,2) -> 49.7 | J8: =W8+MAX(0,MIN(AB8,$AE8-SUMIF($Z$2:$AD$2,"<"&AB$2,$Z8:$AD8))) -> 285 | K8: =ROUND(K7+I8-J8,2) -> 8408.23 | L8: =ROUND(N7*Debts!$C$5/12,2) -> 64.29 | M8: =X8+MAX(0,MIN(AC8,$AE8-SUMIF($Z$2:$AD$2,"<"&AC$2,$Z8:$AD8))) -> 160 | N8: =ROUND(N7+L8-M8,2) -> 13932.28 | O8: =ROUND(Q7*Debts!$C$6/12,2) -> 0 | P8: =Y8+MAX(0,MIN(AD8,$AE8-SUMIF($Z$2:$AD$2,"<"&AD$2,$Z8:$AD8))) -> 40 | Q8: =ROUND(Q7+O8-P8,2) -> 400 | R8: =D8+G8+J8+M8+P8 -> 950 | S8: =C8+F8+I8+L8+O8 -> 196.46 | T8: =E8+H8+K8+N8+Q8 -> 26658.6 | U8: =MIN(Debts!$D$2,E7+C8) -> 60 | V8: =MIN(Debts!$D$3,H7+F8) -> 105 | W8: =MIN(Debts!$D$4,K7+I8) -> 285 | X8: =MIN(Debts!$D$5,N7+L8) -> 160 | Y8: =MIN(Debts!$D$6,Q7+O8) -> 40 | Z8: =E7+C8-U8 -> 174.48 | AA8: =H7+F8-V8 -> 4043.61 | AB8: =K7+I8-W8 -> 8408.23 | AC8: =N7+L8-X8 -> 13932.28 | AD8: =Q7+O8-Y8 -> 400 | AE8: =MAX(0,Debts!$B$11-SUM(U8:Y8)) -> 300
A9: 7 | B9: =DATE(YEAR(Debts!$B$10),MONTH(Debts!$B$10)+A9-1,1) -> 46508 | C9: =ROUND(E8*Debts!$C$2/12,2) -> 0 | D9: =U9+MAX(0,MIN(Z9,$AE9-SUMIF($Z$2:$AD$2,"<"&Z$2,$Z9:$AD9))) -> 0 | E9: =ROUND(E8+C9-D9,2) -> 0 | F9: =ROUND(H8*Debts!$C$3/12,2) -> 74.77 | G9: =V9+MAX(0,MIN(AA9,$AE9-SUMIF($Z$2:$AD$2,"<"&AA$2,$Z9:$AD9))) -> 465 | H9: =ROUND(H8+F9-G9,2) -> 3527.86 | I9: =ROUND(K8*Debts!$C$4/12,2) -> 48.35 | J9: =W9+MAX(0,MIN(AB9,$AE9-SUMIF($Z$2:$AD$2,"<"&AB$2,$Z9:$AD9))) -> 285 | K9: =ROUND(K8+I9-J9,2) -> 8171.58 | L9: =ROUND(N8*Debts!$C$5/12,2) -> 63.86 | M9: =X9+MAX(0,MIN(AC9,$AE9-SUMIF($Z$2:$AD$2,"<"&AC$2,$Z9:$AD9))) -> 160 | N9: =ROUND(N8+L9-M9,2) -> 13836.14 | O9: =ROUND(Q8*Debts!$C$6/12,2) -> 0 | P9: =Y9+MAX(0,MIN(AD9,$AE9-SUMIF($Z$2:$AD$2,"<"&AD$2,$Z9:$AD9))) -> 40 | Q9: =ROUND(Q8+O9-P9,2) -> 360 | R9: =D9+G9+J9+M9+P9 -> 950 | S9: =C9+F9+I9+L9+O9 -> 186.98 | T9: =E9+H9+K9+N9+Q9 -> 25895.58 | U9: =MIN(Debts!$D$2,E8+C9) -> 0 | V9: =MIN(Debts!$D$3,H8+F9) -> 105 | W9: =MIN(Debts!$D$4,K8+I9) -> 285 | X9: =MIN(Debts!$D$5,N8+L9) -> 160 | Y9: =MIN(Debts!$D$6,Q8+O9) -> 40 | Z9: =E8+C9-U9 -> 0 | AA9: =H8+F9-V9 -> 3887.86 | AB9: =K8+I9-W9 -> 8171.58 | AC9: =N8+L9-X9 -> 13836.14 | AD9: =Q8+O9-Y9 -> 360 | AE9: =MAX(0,Debts!$B$11-SUM(U9:Y9)) -> 360
A10: 8 | B10: =DATE(YEAR(Debts!$B$10),MONTH(Debts!$B$10)+A10-1,1) -> 46539 | C10: =ROUND(E9*Debts!$C$2/12,2) -> 0 | D10: =U10+MAX(0,MIN(Z10,$AE10-SUMIF($Z$2:$AD$2,"<"&Z$2,$Z10:$AD10))) -> 0 | E10: =ROUND(E9+C10-D10,2) -> 0 | F10: =ROUND(H9*Debts!$C$3/12,2) -> 67.32 | G10: =V10+MAX(0,MIN(AA10,$AE10-SUMIF($Z$2:$AD$2,"<"&AA$2,$Z10:$AD10))) -> 465 | H10: =ROUND(H9+F10-G10,2) -> 3130.18 | I10: =ROUND(K9*Debts!$C$4/12,2) -> 46.99 | J10: =W10+MAX(0,MIN(AB10,$AE10-SUMIF($Z$2:$AD$2,"<"&AB$2,$Z10:$AD10))) -> 285 | K10: =ROUND(K9+I10-J10,2) -> 7933.57 | L10: =ROUND(N9*Debts!$C$5/12,2) -> 63.42 | M10: =X10+MAX(0,MIN(AC10,$AE10-SUMIF($Z$2:$AD$2,"<"&AC$2,$Z10:$AD10))) -> 160 | N10: =ROUND(N9+L10-M10,2) -> 13739.56 | O10: =ROUND(Q9*Debts!$C$6/12,2) -> 0 | P10: =Y10+MAX(0,MIN(AD10,$AE10-SUMIF($Z$2:$AD$2,"<"&AD$2,$Z10:$AD10))) -> 40 | Q10: =ROUND(Q9+O10-P10,2) -> 320 | R10: =D10+G10+J10+M10+P10 -> 950 | S10: =C10+F10+I10+L10+O10 -> 177.73 | T10: =E10+H10+K10+N10+Q10 -> 25123.31 | U10: =MIN(Debts!$D$2,E9+C10) -> 0 | V10: =MIN(Debts!$D$3,H9+F10) -> 105 | W10: =MIN(Debts!$D$4,K9+I10) -> 285 | X10: =MIN(Debts!$D$5,N9+L10) -> 160 | Y10: =MIN(Debts!$D$6,Q9+O10) -> 40 | Z10: =E9+C10-U10 -> 0 | AA10: =H9+F10-V10 -> 3490.18 | AB10: =K9+I10-W10 -> 7933.57 | AC10: =N9+L10-X10 -> 13739.56 | AD10: =Q9+O10-Y10 -> 320 | AE10: =MAX(0,Debts!$B$11-SUM(U10:Y10)) -> 360
A11: 9 | B11: =DATE(YEAR(Debts!$B$10),MONTH(Debts!$B$10)+A11-1,1) -> 46569 | C11: =ROUND(E10*Debts!$C$2/12,2) -> 0 | D11: =U11+MAX(0,MIN(Z11,$AE11-SUMIF($Z$2:$AD$2,"<"&Z$2,$Z11:$AD11))) -> 0 | E11: =ROUND(E10+C11-D11,2) -> 0 | F11: =ROUND(H10*Debts!$C$3/12,2) -> 59.73 | G11: =V11+MAX(0,MIN(AA11,$AE11-SUMIF($Z$2:$AD$2,"<"&AA$2,$Z11:$AD11))) -> 465 | H11: =ROUND(H10+F11-G11,2) -> 2724.91 | I11: =ROUND(K10*Debts!$C$4/12,2) -> 45.62 | J11: =W11+MAX(0,MIN(AB11,$AE11-SUMIF($Z$2:$AD$2,"<"&AB$2,$Z11:$AD11))) -> 285 | K11: =ROUND(K10+I11-J11,2) -> 7694.19 | L11: =ROUND(N10*Debts!$C$5/12,2) -> 62.97 | M11: =X11+MAX(0,MIN(AC11,$AE11-SUMIF($Z$2:$AD$2,"<"&AC$2,$Z11:$AD11))) -> 160 | N11: =ROUND(N10+L11-M11,2) -> 13642.53 | O11: =ROUND(Q10*Debts!$C$6/12,2) -> 0 | P11: =Y11+MAX(0,MIN(AD11,$AE11-SUMIF($Z$2:$AD$2,"<"&AD$2,$Z11:$AD11))) -> 40 | Q11: =ROUND(Q10+O11-P11,2) -> 280 | R11: =D11+G11+J11+M11+P11 -> 950 | S11: =C11+F11+I11+L11+O11 -> 168.32 | T11: =E11+H11+K11+N11+Q11 -> 24341.63 | U11: =MIN(Debts!$D$2,E10+C11) -> 0 | V11: =MIN(Debts!$D$3,H10+F11) -> 105 | W11: =MIN(Debts!$D$4,K10+I11) -> 285 | X11: =MIN(Debts!$D$5,N10+L11) -> 160 | Y11: =MIN(Debts!$D$6,Q10+O11) -> 40 | Z11: =E10+C11-U11 -> 0 | AA11: =H10+F11-V11 -> 3084.91 | AB11: =K10+I11-W11 -> 7694.19 | AC11: =N10+L11-X11 -> 13642.53 | AD11: =Q10+O11-Y11 -> 280 | AE11: =MAX(0,Debts!$B$11-SUM(U11:Y11)) -> 360
A12: 10 | B12: =DATE(YEAR(Debts!$B$10),MONTH(Debts!$B$10)+A12-1,1) -> 46600 | C12: =ROUND(E11*Debts!$C$2/12,2) -> 0 | D12: =U12+MAX(0,MIN(Z12,$AE12-SUMIF($Z$2:$AD$2,"<"&Z$2,$Z12:$AD12))) -> 0 | E12: =ROUND(E11+C12-D12,2) -> 0 | F12: =ROUND(H11*Debts!$C$3/12,2) -> 52 | G12: =V12+MAX(0,MIN(AA12,$AE12-SUMIF($Z$2:$AD$2,"<"&AA$2,$Z12:$AD12))) -> 465 | H12: =ROUND(H11+F12-G12,2) -> 2311.91 | I12: =ROUND(K11*Debts!$C$4/12,2) -> 44.24 | J12: =W12+MAX(0,MIN(AB12,$AE12-SUMIF($Z$2:$AD$2,"<"&AB$2,$Z12:$AD12))) -> 285 | K12: =ROUND(K11+I12-J12,2) -> 7453.43 | L12: =ROUND(N11*Debts!$C$5/12,2) -> 62.53 | M12: =X12+MAX(0,MIN(AC12,$AE12-SUMIF($Z$2:$AD$2,"<"&AC$2,$Z12:$AD12))) -> 160 | N12: =ROUND(N11+L12-M12,2) -> 13545.06 | O12: =ROUND(Q11*Debts!$C$6/12,2) -> 0 | P12: =Y12+MAX(0,MIN(AD12,$AE12-SUMIF($Z$2:$AD$2,"<"&AD$2,$Z12:$AD12))) -> 40 | Q12: =ROUND(Q11+O12-P12,2) -> 240 | R12: =D12+G12+J12+M12+P12 -> 950 | S12: =C12+F12+I12+L12+O12 -> 158.77 | T12: =E12+H12+K12+N12+Q12 -> 23550.4 | U12: =MIN(Debts!$D$2,E11+C12) -> 0 | V12: =MIN(Debts!$D$3,H11+F12) -> 105 | W12: =MIN(Debts!$D$4,K11+I12) -> 285 | X12: =MIN(Debts!$D$5,N11+L12) -> 160 | Y12: =MIN(Debts!$D$6,Q11+O12) -> 40 | Z12: =E11+C12-U12 -> 0 | AA12: =H11+F12-V12 -> 2671.91 | AB12: =K11+I12-W12 -> 7453.43 | AC12: =N11+L12-X12 -> 13545.06 | AD12: =Q11+O12-Y12 -> 240 | AE12: =MAX(0,Debts!$B$11-SUM(U12:Y12)) -> 360
A13: 11 | B13: =DATE(YEAR(Debts!$B$10),MONTH(Debts!$B$10)+A13-1,1) -> 46631 | C13: =ROUND(E12*Debts!$C$2/12,2) -> 0 | D13: =U13+MAX(0,MIN(Z13,$AE13-SUMIF($Z$2:$AD$2,"<"&Z$2,$Z13:$AD13))) -> 0 | E13: =ROUND(E12+C13-D13,2) -> 0 | F13: =ROUND(H12*Debts!$C$3/12,2) -> 44.12 | G13: =V13+MAX(0,MIN(AA13,$AE13-SUMIF($Z$2:$AD$2,"<"&AA$2,$Z13:$AD13))) -> 465 | H13: =ROUND(H12+F13-G13,2) -> 1891.03 | I13: =ROUND(K12*Debts!$C$4/12,2) -> 42.86 | J13: =W13+MAX(0,MIN(AB13,$AE13-SUMIF($Z$2:$AD$2,"<"&AB$2,$Z13:$AD13))) -> 285 | K13: =ROUND(K12+I13-J13,2) -> 7211.29 | L13: =ROUND(N12*Debts!$C$5/12,2) -> 62.08 | M13: =X13+MAX(0,MIN(AC13,$AE13-SUMIF($Z$2:$AD$2,"<"&AC$2,$Z13:$AD13))) -> 160 | N13: =ROUND(N12+L13-M13,2) -> 13447.14 | O13: =ROUND(Q12*Debts!$C$6/12,2) -> 0 | P13: =Y13+MAX(0,MIN(AD13,$AE13-SUMIF($Z$2:$AD$2,"<"&AD$2,$Z13:$AD13))) -> 40 | Q13: =ROUND(Q12+O13-P13,2) -> 200 | R13: =D13+G13+J13+M13+P13 -> 950 | S13: =C13+F13+I13+L13+O13 -> 149.06 | T13: =E13+H13+K13+N13+Q13 -> 22749.46 | U13: =MIN(Debts!$D$2,E12+C13) -> 0 | V13: =MIN(Debts!$D$3,H12+F13) -> 105 | W13: =MIN(Debts!$D$4,K12+I13) -> 285 | X13: =MIN(Debts!$D$5,N12+L13) -> 160 | Y13: =MIN(Debts!$D$6,Q12+O13) -> 40 | Z13: =E12+C13-U13 -> 0 | AA13: =H12+F13-V13 -> 2251.03 | AB13: =K12+I13-W13 -> 7211.29 | AC13: =N12+L13-X13 -> 13447.14 | AD13: =Q12+O13-Y13 -> 200 | AE13: =MAX(0,Debts!$B$11-SUM(U13:Y13)) -> 360
A14: 12 | B14: =DATE(YEAR(Debts!$B$10),MONTH(Debts!$B$10)+A14-1,1) -> 46661 | C14: =ROUND(E13*Debts!$C$2/12,2) -> 0 | D14: =U14+MAX(0,MIN(Z14,$AE14-SUMIF($Z$2:$AD$2,"<"&Z$2,$Z14:$AD14))) -> 0 | E14: =ROUND(E13+C14-D14,2) -> 0 | F14: =ROUND(H13*Debts!$C$3/12,2) -> 36.09 | G14: =V14+MAX(0,MIN(AA14,$AE14-SUMIF($Z$2:$AD$2,"<"&AA$2,$Z14:$AD14))) -> 465 | H14: =ROUND(H13+F14-G14,2) -> 1462.12 | I14: =ROUND(K13*Debts!$C$4/12,2) -> 41.46 | J14: =W14+MAX(0,MIN(AB14,$AE14-SUMIF($Z$2:$AD$2,"<"&AB$2,$Z14:$AD14))) -> 285 | K14: =ROUND(K13+I14-J14,2) -> 6967.75 | L14: =ROUND(N13*Debts!$C$5/12,2) -> 61.63 | M14: =X14+MAX(0,MIN(AC14,$AE14-SUMIF($Z$2:$AD$2,"<"&AC$2,$Z14:$AD14))) -> 160 | N14: =ROUND(N13+L14-M14,2) -> 13348.77 | O14: =ROUND(Q13*Debts!$C$6/12,2) -> 0 | P14: =Y14+MAX(0,MIN(AD14,$AE14-SUMIF($Z$2:$AD$2,"<"&AD$2,$Z14:$AD14))) -> 40 | Q14: =ROUND(Q13+O14-P14,2) -> 160 | R14: =D14+G14+J14+M14+P14 -> 950 | S14: =C14+F14+I14+L14+O14 -> 139.18 | T14: =E14+H14+K14+N14+Q14 -> 21938.64 | U14: =MIN(Debts!$D$2,E13+C14) -> 0 | V14: =MIN(Debts!$D$3,H13+F14) -> 105 | W14: =MIN(Debts!$D$4,K13+I14) -> 285 | X14: =MIN(Debts!$D$5,N13+L14) -> 160 | Y14: =MIN(Debts!$D$6,Q13+O14) -> 40 | Z14: =E13+C14-U14 -> 0 | AA14: =H13+F14-V14 -> 1822.12 | AB14: =K13+I14-W14 -> 6967.75 | AC14: =N13+L14-X14 -> 13348.77 | AD14: =Q13+O14-Y14 -> 160 | AE14: =MAX(0,Debts!$B$11-SUM(U14:Y14)) -> 360
... A62: 60 | B62: =DATE(YEAR(Debts!$B$10),MONTH(Debts!$B$10)+A62-1,1) -> 48122 | C62: =ROUND(E61*Debts!$C$2/12,2) -> 0 | D62: =U62+MAX(0,MIN(Z62,$AE62-SUMIF($Z$2:$AD$2,"<"&Z$2,$Z62:$AD62))) -> 0 | E62: =ROUND(E61+C62-D62,2) -> 0 | F62: =ROUND(H61*Debts!$C$3/12,2) -> 0 | G62: =V62+MAX(0,MIN(AA62,$AE62-SUMIF($Z$2:$AD$2,"<"&AA$2,$Z62:$AD62))) -> 0 | H62: =ROUND(H61+F62-G62,2) -> 0 | I62: =ROUND(K61*Debts!$C$4/12,2) -> 0 | J62: =W62+MAX(0,MIN(AB62,$AE62-SUMIF($Z$2:$AD$2,"<"&AB$2,$Z62:$AD62))) -> 0 | K62: =ROUND(K61+I62-J62,2) -> 0 | L62: =ROUND(N61*Debts!$C$5/12,2) -> 0 | M62: =X62+MAX(0,MIN(AC62,$AE62-SUMIF($Z$2:$AD$2,"<"&AC$2,$Z62:$AD62))) -> 0 | N62: =ROUND(N61+L62-M62,2) -> 0 | O62: =ROUND(Q61*Debts!$C$6/12,2) -> 0 | P62: =Y62+MAX(0,MIN(AD62,$AE62-SUMIF($Z$2:$AD$2,"<"&AD$2,$Z62:$AD62))) -> 0 | Q62: =ROUND(Q61+O62-P62,2) -> 0 | R62: =D62+G62+J62+M62+P62 -> 0 | S62: =C62+F62+I62+L62+O62 -> 0 | T62: =E62+H62+K62+N62+Q62 -> 0 | U62: =MIN(Debts!$D$2,E61+C62) -> 0 | V62: =MIN(Debts!$D$3,H61+F62) -> 0 | W62: =MIN(Debts!$D$4,K61+I62) -> 0 | X62: =MIN(Debts!$D$5,N61+L62) -> 0 | Y62: =MIN(Debts!$D$6,Q61+O62) -> 0 | Z62: =E61+C62-U62 -> 0 | AA62: =H61+F62-V62 -> 0 | AB62: =K61+I62-W62 -> 0 | AC62: =N61+L62-X62 -> 0 | AD62: =Q61+O62-Y62 -> 0 | AE62: =MAX(0,Debts!$B$11-SUM(U62:Y62)) -> 950

Sheet Compare
A1: Item | B1: Snowball | C1: Avalanche | D1: Avalanche saves
A2: Paid toward debt each month | B2: =Debts!$B$11 -> 950 | C2: =Debts!$B$11 -> 950
A3: Months to debt-free | B3: =IF(COUNTIF(Snowball!T3:T62,">0")>=60,"Over 60",COUNTIF(Snowball!T3:T62,">0")+1) -> 37 | C3: =IF(COUNTIF(Avalanche!T3:T62,">0")>=60,"Over 60",COUNTIF(Avalanche!T3:T62,">0")+1) -> 37 | D3: =IF(AND(ISNUMBER(B3),ISNUMBER(C3)),B3-C3,"") -> 0
A4: Debt-free month | B4: =IF(ISNUMBER(B3),DATE(YEAR(Debts!$B$10),MONTH(Debts!$B$10)+B3-1,1),"Add more months") -> 47423 | C4: =IF(ISNUMBER(C3),DATE(YEAR(Debts!$B$10),MONTH(Debts!$B$10)+C3-1,1),"Add more months") -> 47423
A5: Total interest | B5: =SUM(Snowball!S3:S62) -> 3835.88 | C5: =SUM(Avalanche!S3:S62) -> 3715.92 | D5: =B5-C5 -> 119.96
A6: Total paid | B6: =SUM(Snowball!R3:R62) -> 34875.88 | C6: =SUM(Avalanche!R3:R62) -> 34755.92 | D6: =B6-C6 -> 119.96
A7: First debt paid off | B7: =MIN(B8:B12) -> 46357 | C7: =MIN(C8:C12) -> 46478 | D7: =(YEAR(B7)-YEAR(C7))*12+MONTH(B7)-MONTH(C7) -> -4
A8: =Debts!A2&" paid off" -> Store card paid off | B8: =IF(Debts!B2<=0,"No balance",IF(COUNTIF(Snowball!E3:E62,">0")>=60,"After 60 months",DATE(YEAR(Debts!$B$10),MONTH(Debts!$B$10)+COUNTIF(Snowball!E3:E62,">0"),1))) -> 46508 | C8: =IF(Debts!B2<=0,"No balance",IF(COUNTIF(Avalanche!E3:E62,">0")>=60,"After 60 months",DATE(YEAR(Debts!$B$10),MONTH(Debts!$B$10)+COUNTIF(Avalanche!E3:E62,">0"),1))) -> 46478 | D8: =IF(AND(ISNUMBER(B8),ISNUMBER(C8)),(YEAR(B8)-YEAR(C8))*12+MONTH(B8)-MONTH(C8),"") -> 1
A9: =Debts!A3&" paid off" -> Visa card paid off | B9: =IF(Debts!B3<=0,"No balance",IF(COUNTIF(Snowball!H3:H62,">0")>=60,"After 60 months",DATE(YEAR(Debts!$B$10),MONTH(Debts!$B$10)+COUNTIF(Snowball!H3:H62,">0"),1))) -> 46784 | C9: =IF(Debts!B3<=0,"No balance",IF(COUNTIF(Avalanche!H3:H62,">0")>=60,"After 60 months",DATE(YEAR(Debts!$B$10),MONTH(Debts!$B$10)+COUNTIF(Avalanche!H3:H62,">0"),1))) -> 46784 | D9: =IF(AND(ISNUMBER(B9),ISNUMBER(C9)),(YEAR(B9)-YEAR(C9))*12+MONTH(B9)-MONTH(C9),"") -> 0
A10: =Debts!A4&" paid off" -> Car loan paid off | B10: =IF(Debts!B4<=0,"No balance",IF(COUNTIF(Snowball!K3:K62,">0")>=60,"After 60 months",DATE(YEAR(Debts!$B$10),MONTH(Debts!$B$10)+COUNTIF(Snowball!K3:K62,">0"),1))) -> 47027 | C10: =IF(Debts!B4<=0,"No balance",IF(COUNTIF(Avalanche!K3:K62,">0")>=60,"After 60 months",DATE(YEAR(Debts!$B$10),MONTH(Debts!$B$10)+COUNTIF(Avalanche!K3:K62,">0"),1))) -> 47027 | D10: =IF(AND(ISNUMBER(B10),ISNUMBER(C10)),(YEAR(B10)-YEAR(C10))*12+MONTH(B10)-MONTH(C10),"") -> 0
A11: =Debts!A5&" paid off" -> Student loan paid off | B11: =IF(Debts!B5<=0,"No balance",IF(COUNTIF(Snowball!N3:N62,">0")>=60,"After 60 months",DATE(YEAR(Debts!$B$10),MONTH(Debts!$B$10)+COUNTIF(Snowball!N3:N62,">0"),1))) -> 47423 | C11: =IF(Debts!B5<=0,"No balance",IF(COUNTIF(Avalanche!N3:N62,">0")>=60,"After 60 months",DATE(YEAR(Debts!$B$10),MONTH(Debts!$B$10)+COUNTIF(Avalanche!N3:N62,">0"),1))) -> 47423 | D11: =IF(AND(ISNUMBER(B11),ISNUMBER(C11)),(YEAR(B11)-YEAR(C11))*12+MONTH(B11)-MONTH(C11),"") -> 0
A12: =Debts!A6&" paid off" -> Medical bill paid off | B12: =IF(Debts!B6<=0,"No balance",IF(COUNTIF(Snowball!Q3:Q62,">0")>=60,"After 60 months",DATE(YEAR(Debts!$B$10),MONTH(Debts!$B$10)+COUNTIF(Snowball!Q3:Q62,">0"),1))) -> 46357 | C12: =IF(Debts!B6<=0,"No balance",IF(COUNTIF(Avalanche!Q3:Q62,">0")>=60,"After 60 months",DATE(YEAR(Debts!$B$10),MONTH(Debts!$B$10)+COUNTIF(Avalanche!Q3:Q62,">0"),1))) -> 46784 | D12: =IF(AND(ISNUMBER(B12),ISNUMBER(C12)),(YEAR(B12)-YEAR(C12))*12+MONTH(B12)-MONTH(C12),"") -> -14
A13: =Debts!A2&" interest" -> Store card interest | B13: =SUM(Snowball!C3:C62) -> 191.07 | C13: =SUM(Avalanche!C3:C62) -> 134.48 | D13: =B13-C13 -> 56.59
A14: =Debts!A3&" interest" -> Visa card interest | B14: =SUM(Snowball!F3:F62) -> 919.94 | C14: =SUM(Avalanche!F3:F62) -> 868.56 | D14: =B14-C14 -> 51.38
A15: =Debts!A4&" interest" -> Car loan interest | B15: =SUM(Snowball!I3:I62) -> 880.78 | C15: =SUM(Avalanche!I3:I62) -> 875.7 | D15: =B15-C15 -> 5.08
A16: =Debts!A5&" interest" -> Student loan interest | B16: =SUM(Snowball!L3:L62) -> 1844.09 | C16: =SUM(Avalanche!L3:L62) -> 1837.18 | D16: =B16-C16 -> 6.91
A17: =Debts!A6&" interest" -> Medical bill interest | B17: =SUM(Snowball!O3:O62) -> 0 | C17: =SUM(Avalanche!O3:O62) -> 0 | D17: =B17-C17 -> 0
